 Dungeon Crawl Stone Soup version 0.27.0-66-gdc8fb28755 (webtiles) character file.

Game seed: 16533120977101441584

135 robertstho the Shield-Bearer (level 5, -1/42 HPs)
             Began as a Formicid Fighter on Aug 20, 2021.
             Slain by an ogre (16 damage)
             ... on level 3 of the Dungeon.
             The game lasted 00:02:48 (2535 turns).

robertstho the Shield-Bearer (Formicid Fighter)     Turns: 2535, Time: 00:02:48

Health: -1/42      AC:  7    Str: 22    XL:     5   Next: 41%
Magic:  5/5        EV:  8    Int:  7    God:
Gold:   90         SH:  9    Dex: 10    Spells: 4/4 levels left

rFire    . . .     SeeInvis +   a - +0 war axe
rCold    . . .     Faith    .   c - +0 kite shield
rNeg     . . .     Spirit   .   b - +0 scale mail
rPois    .         Reflect  .   (helmet unavailable)
rElec    .         Harm     .   (no cloak)
rCorr    .         Rampage  .   (no gloves)
Will     .....                  (no boots)
Stlth    ..........             (no amulet)
HPRegen  0.14/turn              (no ring)
MPRegen  0.09/turn              (no ring)

@: no status effects
A: permanent stasis, dig shafts and tunnels, antennae 3, four strong arms
a: Dig, Shaft Self


You were on level 3 of the Dungeon.
You visited 1 branch of the dungeon, and saw 3 of its levels.
You also visited: Sewer.

You collected 90 gold pieces.

Inventory:

Hand Weapons
 a - a +0 war axe (weapon)
Armour
 b - a +0 scale mail (worn)
 c - a +0 kite shield (worn)
Scrolls
 d - a scroll of fear {unknown}
 g - a scroll of teleportation {unknown}
 k - a scroll of enchant weapon {unknown}
 l - a scroll of noise {unknown}
 m - a scroll of identify {unknown}
Potions
 e - a potion of brilliance {unknown}
 f - a potion of curing {unknown}
 h - 2 potions of mutation {unknown}
 i - a potion of magic {unknown}
 j - a potion of cancellation {unknown}


   Skills:
 * Level 3.9 Fighting
 + Level 2.8 Axes
 * Level 4.3 Armour
 + Level 0.6 Dodging
 * Level 1.8 Stealth
 + Level 4.4 Shields


You had 4 spell levels left.
You didn't know any spells.
Your spell library was empty.

Dungeon Overview and Level Annotations

Branches:
Dungeon (3/15)              Sewer (visited)

Altars:

Shops:
D:2 *

Annotations:
D:2 684 polearm


Innate Abilities, Weirdness & Mutations

You cannot be hasted, slowed, berserked, paralysed or teleported.
You can dig through walls and to a lower floor.
You have a pair of large antennae on your head. (SInv)
Your four strong arms can wield two-handed weapons with a shield.


Message History

Unknown command.
You closely miss the jackal.
The jackal bites you but does no damage.
The jackal barely misses you.
The jackal bites you but does no damage.
You closely miss the jackal. You block the jackal's attack.
The jackal closely misses you.
You slash the jackal!
You kill the jackal!
You block the jackal's attack.
You barely miss the jackal. You block the jackal's attack.
The jackal bites you but does no damage.
You slash the jackal!
You kill the jackal!
You slash the ogre!
The ogre is moderately wounded.
You block the ogre's attack.
You hit the ogre.
The ogre is moderately wounded.
The ogre closely misses you.
You hit the ogre.
The ogre is heavily wounded.
You block the ogre's attack. The ogre barely misses you.
You barely miss the ogre.
The ogre is heavily wounded.
You block the ogre's attack.
You barely miss the ogre.
The ogre is heavily wounded.
You block the ogre's attack.
You hit the ogre.
The ogre is severely wounded.
You block the ogre's attack.
Your shield and scale mail prevent you from hitting the ogre.
The ogre is severely wounded.
The ogre hits you with a +0 giant spiked club!!
Ouch! That really hurt!
You barely miss the ogre.
The ogre is severely wounded.
The ogre hits you with a +0 giant spiked club!
You die...

.... #....#..#
....##....#..#
.............#
###........#
##...>...#..#
##..#...### ...##.#.#
......#O# #....##@#
..##....# ...###..####
##. ######.####....#
... #.........#.##.##
... #...........##..#
#..###...≈≈≈.....###.#
.. .....≈≈≈≈≈..#.# #.#
##.
#..≈≈.≈≈..#.###.####


You could see an ogre.

Vanquished Creatures
  A river rat (Sewer)
  6 adders
  A worm (Sewer)
  A dart slug (D:2)
  An orc (D:3)
  3 ball pythons
  2 bats (D:2)
  6 endoplasms
  3 giant cockroaches (D:3)
  5 goblins
  2 hobgoblins
  7 jackals
  13 kobolds
  2 quokkas (D:2)
  A frilled lizard (D:1)
  11 rats
65 creatures vanquished.

Vanquished Creatures (others)
  8 plants (D:1)
8 creatures vanquished.

Grand Total: 73 creatures vanquished

Notes
Turn   | Place    | Note
-------+----------+-------------------------------------------
     0 | D:1      | robertstho the Formicid Fighter began the quest for the
                  | Orb.
     0 | D:1      | Reached XP level 1. HP: 18/18 MP: 1/1
     3 | D:1      | Noticed an electric eel
     4 | D:1      | Noticed an electric eel
   110 | D:1      | Reached XP level 2. HP: 15/24 MP: 2/2
   357 | D:1      | Found a faded altar of an unknown god.
   537 | D:1      | You fall into a shaft and drop 1 floor!
   607 | D:2      | Reached XP level 3. HP: 29/29 MP: 3/3
   780 | D:2      | Found Gustimam's General Store.
   851 | D:2      | Reached skill level 1 in Stealth
  1717 | D:3      | Reached XP level 4. HP: 29/37 MP: 4/4
  1971 | D:3      | Found a glowing drain.
  1982 | Sewer    | Entered a sewer
  2275 | Sewer    | Reached XP level 5. HP: 32/42 MP: 5/5
  2516 | D:3      | Noticed an ogre
  2535 | D:3      | Slain by an ogre

Illustrated notes

Levels and vault maps discovered:
D:1:      arrival_aquarium_b, layout_rooms,
          shapermc_ecumenical_altar_starsandcircs, corexii_leaking_fountain,
          chequers_garden, serial_bayou_lagoon_a
D:2:      cheibrodos_helix_gallery, layout_basic, serial_co_window_serial,
          co_window_corner_a, co_window_cross_1, co_window_corner_a,
          co_window_paths_a, co_window_paths_a, co_window_corner_a,
          co_window_unsneaky_path_b, co_window_corner_b, co_window_paths_c,
          co_window_corner_ca, co_window_corner_b, co_window_broadway_c,
          glass_columns_c, glass_columns_a, glass_columns_c, serial_shops, shop
D:3:      layout_rooms, okawaru_trees_2, portal_sewer_entry_a, serial_aquarium,
          aquarium_bridge_straight [aquarium_subvault_bridge,
          aquarium_subvault_balcony, aquarium_subvault_bridge,
          aquarium_subvault_balcony], aquarium_window_corner,
          aquarium_window_fake, aquarium_window_fake, aquarium_window_1,
          aquarium_view_2e, aquarium_balcony_3a, chequers_jeans

Skill      XL: |  1  2  3  4 |
---------------+-------------+-----
Shields        | 4 |  4.4
Stealth        | 1 |  1.8
Armour         | 4 |  4.3
Fighting       | |  3.9
Axes           | |  2.8
Dodging        | |  0.6

Action                   |  1- 3 |  4- 6 || total
-------------------------+-------+-------++-------
Melee: War axe           |   107 |   141 ||   248
  Use: Potion            |       |     3 ||     3
Armor: Scale mail        |    54 |    63 ||   117
Dodge: Dodged            |    36 |    53 ||    89
Block: Kite shield       |    65 |    89 ||   154
